 Dungeon Crawl Stone Soup version 0.29-a0-847-g24c0ca63c9 (webtiles) character file.

Game seed: 8854615405780374156

263100 Garessta the Spry (level 20, -9/180 HPs)
             Began as a Gnoll Wanderer on July 16, 2022.
             Was the Champion of Ashenzari.
             Mangled by an Ice Fiend (24 damage)
             ... summoned by a deep elf demonologist
             ... on level 3 of the Elven Halls.
             The game lasted 03:17:53 (48540 turns).

Garessta the Spry (Gnoll Wanderer)                 Turns: 48540, Time: 03:17:54

Health: -9/180     AC:  6    Str:  7    XL:     20   Next: 1%
Magic:  7/37       EV: 28    Int: 14    God:    Ashenzari [******]
Gold:   2107       SH: 18    Dex: 23    Spells: 12/64 levels left

rFire   . . .      SeeInvis +   m - +9 rapier of the Eternal Fetters {drain, Fort, Bglg} (curse)
rCold   . . .      Faith    .   W - +1 kite shield of the Esoteric Loss {AC+3, Fort, Cun} (curse)
rNeg    . . .      Spirit   .   n - +2 leather armour "Shackled Together" {Will+, Cun, Comp} (curse)
rPois   +          Reflect  .   v - +0 helmet of the Perceptive Planets {Self, Bglg} (curse)
rElec   +          Harm     .   a - +0 cloak "Eternal Together" {Comp, Melee} (curse)
rCorr   .          Rampage  .   B - +0 pair of gloves of the Gnostic Portent {Self, Alch} (curse)
Will    +++..      Clarity  +   s - +0 pair of boots of the Chained God {Fly, Melee, Cun} (curse)
Stlth   ++++++++..              F - amulet of Ashenzari's Regret {Regen+, Self, Fort} (curse)
HPRegen 1.20/turn               b - ring "Share My Gnosis" {rElec rPois Will+ MP-9 Stlth+, Self, Fort} (curse)
MPRegen 0.25/turn               V - ring "Gaze Upon Infinity" {Wiz, Comp, Self} (curse)

@: corroded, flying
A: fangs 1, strong nose, distributed training
}: 2/15 runes: decaying, serpentine
a: Renounce Religion, Shatter the Chains


You were on level 3 of the Elven Halls.
You worshipped Ashenzari.
Ashenzari was exalted by your worship.
You visited 7 branches of the dungeon, and saw 32 of its levels.
You also visited: Ossuary, Ice Cave and Volcano.

You collected 4193 gold pieces.
You spent 2086 gold pieces at shops.

Inventory:

Hand Weapons
 m - the cursed +9 rapier of the Eternal Fetters (weapon) {drain, Fort, Bglg}
   (You found it in an ice cave)

   A truly terrible weapon, it drains the life of any living foe it strikes.
   It has a curse which improves the following skills: Fortitude: Armour and
   Shields.
   Beguiling: Conjurations, Hexes and Translocations.
Missiles
 r - 6 silver javelins
 H - 5 curare-tipped darts
 L - 2 throwing nets
 N - 26 boomerangs
 P - 3 boomerangs of dispersal
 Q - 3 atropa-tipped darts
 Z - 7 javelins
Armour
 a - the cursed +0 cloak "Eternal Together" (worn) {Comp, Melee}
   (You bought it in a shop on level 2 of the Orcish Mines)

   It has a curse which improves the following skills: Companions: Summonings
   and Necromancy.
   Melee Combat: Short Blades, Long Blades, Axes, Maces & Flails, Polearms,
   Staves and Unarmed Combat.
 n - the cursed +2 leather armour "Shackled Together" (worn) {Will+, Cun, Comp}
   (You took it off a gnoll bouda on level 6 of the Dungeon)

   It has a curse which improves the following skills: Cunning: Dodging and
   Stealth.
   Companions: Summonings and Necromancy.
 s - the cursed +0 pair of boots of the Chained God (worn) {Fly, Melee, Cun}
   (You found it in an ice cave)

   It has a curse which improves the following skills: Melee Combat: Short
   Blades, Long Blades, Axes, Maces & Flails, Polearms, Staves and Unarmed
   Combat.
   Cunning:   Dodging and Stealth.
 v - the cursed +0 helmet of the Perceptive Planets (worn) {Self, Bglg}
   (You took it off Robin on level 3 of the Dungeon)

   It has a curse which improves the following skills: Introspection: Fighting
   and Spellcasting.
   Beguiling: Conjurations, Hexes and Translocations.
 B - the cursed +0 pair of gloves of the Gnostic Portent (worn) {Self, Alch}

   It has a curse which improves the following skills: Introspection: Fighting
   and Spellcasting.
   Alchemy:   Poison Magic and Transmutations.
 W - the cursed +1 kite shield of the Esoteric Loss (worn) {AC+3, Fort, Cun}
   (You took it off a naga warrior on level 4 of the Snake Pit)

   It has a curse which improves the following skills: Fortitude: Armour and
   Shields.
   Cunning:   Dodging and Stealth.
Jewellery
 b - the cursed ring "Share My Gnosis" (left hand) {rElec rPois Will+ MP-9 Stlth+, Self, Fort}
   (You acquired it on level 2 of the Swamp)

   [ring of willpower]

   rElec:     It insulates you from electricity.
   rPois:     It protects you from poison.
   MP:        It affects your magic capacity (-9).
   Will:      It increases your willpower.
   Stlth:     It makes you more stealthy.
   It has a curse which improves the following skills: Introspection: Fighting
   and Spellcasting.
   Fortitude: Armour and Shields.
 e - a +4 ring of evasion
 p - a +4 ring of evasion
 F - the cursed amulet of Ashenzari's Regret (around neck) {Regen+, Self, Fort}
   (You bought it in a shop on level 2 of the Elven Halls)

   [amulet of regeneration]

   Regen:     It increases your rate of health regeneration.
   It has a curse which improves the following skills: Introspection: Fighting
   and Spellcasting.
   Fortitude: Armour and Shields.
 V - the cursed ring "Gaze Upon Infinity" (right hand) {Wiz, Comp, Self}
   (You found it on level 4 of the Lair of Beasts)

   [ring of wizardry]

   It improves your spell success rate.
   It has a curse which improves the following skills: Companions: Summonings
   and Necromancy.
   Introspection: Fighting and Spellcasting.
 X - a ring of ice
Wands
 k - a wand of polymorph (9)
 t - a wand of flame (65) (quivered)
 z - a wand of light (22)
 R - a wand of iceblast (12)
 S - a wand of charming (29)
 Y - a wand of mindburst (13)
Scrolls
 c - 7 scrolls of fog
 f - 6 scrolls of enchant weapon
 h - 8 scrolls of blinking
 l - 3 scrolls of poison
 o - 5 scrolls of amnesia
 q - 3 scrolls of magic mapping
 w - 14 scrolls of teleportation
 G - a scroll of summoning
 I - 5 scrolls of silence
 O - 2 scrolls of fear
 U - 2 scrolls of enchant armour
Potions
 d - 9 potions of heal wounds
 g - a potion of resistance
 i - 2 potions of ambrosia
 j - 9 potions of mutation
 u - 2 potions of invisibility
 x - 14 potions of curing
 A - 5 potions of haste
 E - 6 potions of might
 J - 2 potions of attraction
 K - 3 potions of brilliance
 M - 2 potions of magic
 T - a potion of berserk rage
Miscellaneous
 y - a lightning rod (4/4)
 C - a box of beasts
 D - a phial of floods (inert)


   Skills:
 + Level 14.1(21.3) Fighting
 + Level 13.9(17.8) Short Blades
 + Level 13.9(17.8) Long Blades
 + Level 13.9(17.8) Axes
 + Level 13.9(17.8) Maces & Flails
 + Level 13.9(17.8) Polearms
 + Level 13.9(17.8) Staves
 + Level 13.9 Ranged Weapons
 + Level 13.9 Throwing
 + Level 13.9(20.1) Armour
 + Level 16.0(21.0) Dodging
 + Level 13.9(19.0) Stealth
 + Level 14.6(20.7) Shields
 + Level 13.9(17.8) Unarmed Combat
 + Level 15.4(22.6) Spellcasting
 + Level 11.8(15.7) Conjurations
 + Level 11.8(15.7) Hexes
 + Level 11.8(16.9) Summonings
 + Level 11.8(16.9) Necromancy
 + Level 11.8(15.7) Translocations
 + Level 11.8(14.4) Transmutations
 + Level 11.8 Fire Magic
 + Level 11.8 Ice Magic
 + Level 11.8 Air Magic
 + Level 11.8 Earth Magic
 + Level 11.8(14.4) Poison Magic
 + Level 15.1 Invocations
 + Level 13.9 Evocations


You had 12 spell levels left.
You knew the following spells:

 Your Spells              Type           Power      Damage    Failure   Level
a - Summon Cactus Giant   Summ           29%        N/A       1%          6
b - Summon Mana Viper     Hex/Summ       57%        N/A       1%          5
c - Summon Lightning Spi  Summ/Air       54%        N/A       1%          4
d - Anguish               Hex/Necr       28%        N/A       1%          4
e - Summon Ice Beast      Ice/Summ       54%        N/A       1%          4
f - Summon Forest         Summ/Tloc      28%        N/A       1%          5
g - Malign Gateway        Summ/Tloc      28%        N/A       1%          7
h - Mephitic Cloud        Conj/Pois/Air  53%        N/A       1%          3
i - Enfeeble              Hex            28%        N/A       2%          7
j - Summon Guardian Gole  Hex/Summ       57%        N/A       0%          3
p - Passwall              Tmut/Erth      42%        N/A       1%          2
w - Wereblood             Tmut           54%        N/A       0%          2

Your spell library contained the following spells:

 Spells                   Type           Power      Damage    Failure   Level
 Beastly Appendage        Tmut           100%       N/A       0%          1
 Magic Dart               Conj           100%       1d8       0%          1
 Sting                    Tmut/Pois      100%       1d8       0%          1
 Call Imp                 Summ           58%        N/A       0%          2
 Searing Ray              Conj           100%       2d8       0%          2
 Gell's Gravitas          Tloc           56%        N/A       0%          3
 Lesser Beckoning         Tloc           56%        N/A       0%          3
 Teleport Other           Tloc           56%        N/A       0%          3
 Freeze                   Ice            100%       1d11      1%          1
 Sandblast                Erth           96%        2d20      1%          1
 Poisonous Vapours        Pois/Air       100%       N/A       1%          2
 Scorch                   Fire           96%        2d10      1%          2
 Static Discharge         Conj/Air       53%        3-10/arc  1%          2
 Conjure Flame            Conj/Fire      53%        6-21      1%          3
 Frozen Ramparts          Ice            96%        1d11      1%          3
 Ignite Poison            Fire/Tmut/Pois 52%        N/A       1%          3
 Ozocubu's Armour         Ice            48%        N/A       1%          3
 Spider Form              Tmut/Pois      54%        N/A       1%          3
 Stone Arrow              Conj/Erth      100%       3d13      1%          3
 Animate Armour           Summ/Erth      100%       N/A       1%          4
 Dispel Undead            Necr           58%        3d21      1%          4
 Ice Form                 Ice/Tmut       51%        N/A       1%          4
 Leda's Liquefaction      Hex/Erth       26%        N/A       1%          4
 Olgreb's Toxic Radiance  Pois           54%        N/A       1%          4
 Sticky Flame             Conj/Fire      53%        2d7       1%          4
 Blade Hands              Tmut           27%        N/A       1%          5
 Irradiate                Conj/Tmut      27%        3d20      1%          5
 Conjure Ball Lightning   Conj/Air       26%        3x3d7     1%          6
 Iron Shot                Conj/Erth      26%        9d6       1%          6
 Statue Form              Tmut/Erth      34%        N/A       1%          6
 Spellforged Servitor     Conj/Summ      28%        N/A       1%          7
 Orb of Destruction       Conj           28%        9d9       2%          7
 Storm Form               Tmut/Air       25%        N/A       8%          7
 Summon Horrible Things   Summ           29%        N/A       12%         8
 Discord                  Hex            28%        N/A       21%         8
 Disjunction              Tloc           28%        N/A       21%         8
 Maxwell's Capacitive Co  Air            24%        ∞         65%         8
 Chain Lightning          Conj/Air       26%        3d35      99%         9
 Fire Storm               Conj/Fire      26%        8d7       99%         9
 Shatter                  Erth           24%        3d21*     100%        9


Dungeon Overview and Level Annotations

Branches:
Dungeon (12/15)            Temple (1/1) D:6            Lair (6/6) D:10
  Swamp (4/4) Lair:4        Snake (4/4) Lair:2        Slime (0/5) Lair:6
    Orc (2/2) D:12            Elf (3/3) Orc:2       Ossuary (visited)
  IceCv (visited)         Volcano (visited)

Altars:
Ashenzari
Cheibriados
Dithmenos
Elyvilon
Fedhas
Gozag
Hepliaklqana
Kikubaaqudgha
Makhleb
Nemelex Xobeh
Okawaru
Qazlal
Ru
Sif Muna
Trog
Uskayaw
Vehumet
Wu Jian
Xom
Yredelemnul
Zin
The Shining One
Jiyva

Shops:
D:6 *[((   Orc:2 **[   Elf:2 *=?[!   Elf:3 *   Snake:1 :

Portals:
Pandemonium: Orc:2
Trove: D:10 (give +4 demon blade)


Innate Abilities, Weirdness & Mutations

You have very sharp teeth.
Your uncanny sense of smell can sniff out nearby items.
Your experience applies equally to all skills.


Message History

The deep elf knight convulses!
The deep elf demonologist convulses!
Your body is wracked with pain!
* * * LOW HITPOINT WARNING * * *
Your eldritch tentacle slaps the deep elf demonologist!
The deep elf demonologist dies!
The rust devil disappears in a puff of smoke!
The hellwing disappears in a puff of smoke!
The tormentor disappears in a puff of smoke!
The Hell Sentinel disappears in a puff of smoke!
The +2 battleaxe of electrocution hits your eldritch tentacle!!!
With a roar, the tentacle is hauled back through the portal!
You block the rust devil's attack.
You see here a +0 rapier.
Unknown command.
You feel much better.
The deep elf sorcerer gestures wildly while chanting.
The deep elf sorcerer seems to speed up.
The rust devil barely misses you.
Okay, then.
Casting: Summon Cactus Giant (mildly dangerous; 1% risk of failure)
Confirm with . or Enter, or press ? or * to list all spells.
You feel yourself speed up.
The deep elf demonologist mumbles some strange words.
Send 'em back where they came from!
Your cactus giant shudders.
The rust devil closely misses you.
The deep elf demonologist casts a spell.
You block the rust devil's attack.
Your magical contamination has completely faded away.
The rust devil attacks as you move away!
The rust devil closely misses you.
The deep elf demonologist gestures wildly while chanting.
The Ice Fiend attacks as you move away! The Ice Fiend claws you!!
* * * LOW HITPOINT WARNING * * *
The Ice Fiend freezes you!!!
* * * LOW HITPOINT WARNING * * *
The Ice Fiend claws you.
* * * LOW HITPOINT WARNING * * *
The Ice Fiend freezes you!!
You die...

#.........####.#####.
#.........'..).....'.
#.........##########.
####.).#############.
####.).##############
####...##############
###########'#.##############
##.########.########.<.#####
##...#######@C#####.......###
##..P..######1####...........#
#..P.P..#####4####...........'
##..P..######e####...........#
##...'######(####.....♣.....#
##.##.###.2e####..:........#
######.###.e.###.).........#
#######'#...).##<..........#
########.......###.......'##


You could see an Ice Fiend (summoned), a balrug (summoned), a deep elf sorcerer
(fast), a deep elf demonologist, a deep elf knight (fast, invisible), a rust
devil (summoned, ally target), a +2 battleaxe of electrocution (strong) and a
friendly cactus giant (summoned).

Vanquished Creatures
  A deep elf blademaster (Elf:3)
  Roxanne (Elf:2)
  A fenstrider witch (Swamp:4)
  Kirke (Swamp:4)
  2 nagarajas (Snake:4)
  2 deep elf elementalists
  2 ghouls (Swamp:4)
  Aizul (Snake:2)
  A reaper (IceCv)
  3 eleionomae (Swamp:4)
  2 bunyips (Swamp:1)
  2 deep elf death magi
  2 deep elf high priests (Elf:1)
  2 shambling mangroves (Swamp:4)
  An ettin (Orc:2)
  9 hydras
  Fannar (Orc:1)
  A salamander tyrant (Snake:4)
  A boulder beetle (D:11)
  9 anacondas
  A demonspawn (Orc:2)
  5 two-headed ogres
  4 alligators
  11 naga warriors
  17 dancing weapons
  2 death yaks
  2 orc high priests (Orc:2)
  9 shock serpents
  Urug (D:12)
  2 naga sharpshooters
  A sun demon (Orc:2)
  7 deep elf knights
  4 goliath frogs
  A salamander mystic (Snake:4)
  8 swamp dragons
  2 spriggan druids (Swamp:4)
  An obsidian statue (IceCv)
  3 bog bodies
  3 spriggan simulacra (IceCv)
  3 deep elf archers
  4 naga ritualists
  12 deep elf pyromancers
  A lindwurm (Swamp:4)
  3 orc sorcerers (Orc:2)
  7 deep elf zephyrmancers
  4 orc knights (Orc:2)
  5 mana vipers
  A will-o-the-wisp (Swamp:2)
  12 salamanders
  An elephant (Lair:5)
  24 black mambas
  A guardian serpent (shapeshifter) (Elf:2)
  8 naga magi
  Maggie (D:6)
  An unseen horror (D:10)
  9 cane toads
  2 freezing wraiths (IceCv)
  An ice devil (IceCv)
  8 komodo dragons
  2 kobold demonologists (D:12)
  2 rime drakes
  4 trolls
  5 hornets
  3 meliai
  Grinder (D:6)
  2 polar bears
  7 tyrant leeches
  10 blink frogs
  Sigmund (D:3)
  10 yaks
  6 spriggans
  An air elemental (Elf:2)
  A wraith (D:11)
  4 water elementals
  2 basilisks
  A fire elemental (Elf:1)
  5 wyverns
  A minotaur simulacrum (IceCv)
  10 vampire mosquitoes
  5 wargs
  17 nagas
  9 swamp worms
  5 water moccasins
  Duvessa (D:7)
  A hydra simulacrum (IceCv)
  2 swamp drakes (Swamp:4)
  2 ice beasts
  15 orc warriors
  2 black bears
  9 wolves
  6 centaurs
  4 ogres
  3 phantoms
  A nameless horror (Orc:2)
  2 gnoll sergeants
  2 kobold brigands (D:7)
  2 earth elementals (Elf:1)
  12 bullfrogs
  4 necrophages
  2 scorpions (D:5)
  4 water moccasin zombies (Ossuary)
  Dowan (D:7)
  15 killer bees
  An electric eel (Lair:1)
  2 howler monkeys (D:7)
  A lava snake (D:8)
  5 hounds
  10 orc priests
  A jelly (D:7)
  A gnoll bouda (D:6)
  2 iguanas (D:5)
  Ijyb (D:4)
  Terence (D:2)
  14 orc wizards
  A mummy (Ossuary)
  Robin (D:3)
  5 adders
  12 gnolls
  A shadow imp (D:7)
  3 white imps
  An adder zombie (Ossuary)
  3 worms
  45 orcs
  10 ball pythons
  4 bats
  8 endoplasms
  A giant cockroach (D:4)
  5 gnoll zombies (Ossuary)
  11 goblins
  14 hobgoblins
  9 kobolds
  A quokka (D:10)
  6 hobgoblin zombies (Ossuary)
  4 kobold zombies (Ossuary)
  5 orc zombies (Ossuary)
  5 rats
  A briar patch (Swamp:4)
636 creatures vanquished.

Vanquished Creatures (collateral kills)
  Saint Roka (Elf:2)
  The ghost of Zero the Warrior, an adept OgIE of Vehumet (Swamp:3)
  Mlioglotl (Lair:4)
  An eldritch tentacle (Snake:4)
  A thorn hunter (Swamp:4)
  3 nagarajas (Snake:4)
  2 reapers (IceCv)
  A ghoul (Swamp:4)
  2 deep elf demonologists
  An eleionoma (Swamp:2)
  6 bunyips
  5 deep elf death magi
  7 hydras
  Harold (D:11)
  A demonspawn (Orc:2)
  A catoblepas (Lair:6)
  3 anacondas
  8 naga warriors
  2 two-headed ogres (D:11)
  3 alligators
  16 dancing weapons
  A soul eater (Orc:2)
  4 naga sharpshooters
  11 deep elf knights
  4 orc high priests (Orc:2)
  A goliath frog (Swamp:2)
  Nergalle (Lair:3)
  3 salamander mystics (Snake:4)
  A spriggan druid (Swamp:3)
  Lodul (D:12)
  A glowing orange brain (shapeshifter) (Elf:3)
  A deep elf archer (Elf:3)
  2 lindwurms (Swamp:4)
  3 orc knights
  6 swamp dragons
  7 bog bodies
  8 deep elf zephyrmancers
  3 naga ritualists (Snake:4)
  14 deep elf pyromancers
  A spriggan simulacrum (IceCv)
  6 mana vipers
  5 orc sorcerers
  An ugly thing (D:12)
  5 salamanders
  4 will-o-the-wisps
  A cyclops (D:12)
  2 guardian serpents (Snake:2)
  12 naga magi
  3 elephants
  10 black mambas
  A gargoyle (Lair:1)
  11 cane toads
  7 komodo dragons
  5 freezing wraiths (IceCv)
  4 trolls
  A hornet (Swamp:3)
  5 tyrant leeches
  15 blink frogs
  3 slime creatures (D:12)
  4 dream sheep (Lair:6)
  An air elemental (Elf:1)
  A spriggan (Swamp:4)
  A water elemental (Elf:1)
  A yak (shapeshifter) (Elf:1)
  9 yaks
  A wyvern (Lair:6)
  2 fire elementals (Elf:1)
  2 hogs (Swamp:4)
  A minotaur simulacrum (IceCv)
  3 vampire mosquitoes
  24 nagas
  A harpy simulacrum (IceCv)
  6 swamp worms
  3 wargs
  2 water moccasins
  A black bear (shapeshifter) (Elf:3)
  5 swamp drakes
  21 orc warriors
  7 ogres
  2 alligator simulacra (IceCv)
  A centaur (D:11)
  5 wolves
  3 kobold brigands (D:12)
  Blork the orc (Orc:1)
  2 bullfrogs (Lair:6)
  An earth elemental (Elf:1)
  3 gnoll sergeants
  3 necrophages
  A deep troll simulacrum (IceCv)
  A water moccasin zombie (Ossuary)
  2 scorpions
  A wight (D:8)
  A lindwurm simulacrum (IceCv)
  5 killer bees
  An electric eel (Lair:6)
  18 orc priests
  A gnoll bouda (Orc:2)
  5 orc wizards
  A nameless horror (Lair:6)
  A mummy (Ossuary)
  11 gnolls
  An ufetubus (D:5)
  An adder zombie (Ossuary)
  41 orcs
  A gnoll zombie (Ossuary)
  2 hobgoblin zombies (Ossuary)
  4 kobolds (D:12)
  A rat (D:10)
  3 briar patches (Swamp:2)
461 creatures vanquished.

Vanquished Creatures (others)
  22 eldritch tentacles
  A thorn hunter (Swamp:2)
  A bunyip (Swamp:2)
  2 hydras
  A two-headed ogre (D:10)
  A death yak (D:10)
  A deep elf archer (Elf:1)
  A spriggan simulacrum (IceCv)
  3 deep elf zephyrmancers
  A manticore (D:8)
  2 salamanders
  A black mamba (Snake:3)
  4 elephants
  A torpor snail (Lair:6)
  2 ice statues (Swamp:2)
  A cane toad (Lair:6)
  2 gargoyles
  A freezing wraith (IceCv)
  2 entropy weaver simulacra (IceCv)
  A golden dragon simulacrum (IceCv)
  A queen bee (Lair:3)
  A troll (Orc:1)
  2 hornets
  2 blink frogs
  7 dream sheep (Lair:6)
  A spriggan (Swamp:3)
  A wyvern (Lair:4)
  5 yaks
  A naga (Snake:2)
  A vampire mosquito (Lair:4)
  6 orc warriors
  An ettin simulacrum (IceCv)
  2 ogres (D:12)
  6 wolves
  A bullfrog (D:7)
  A deep troll simulacrum (IceCv)
  3 wights (D:8)
  3 killer bees
  An orc wizard (D:8)
  A gnoll (D:9)
  An orc (Elf:2)
  3 briar patches
  22 foxfires
  37 fungi
  113 plants
  18 snaplasher vines
292 creatures vanquished.

Grand Total: 1389 creatures vanquished

Notes
Turn   | Place    | Note
-------+----------+-------------------------------------------
     0 | D:1      | Garessta the Gnoll Wanderer began the quest for the Orb.
     0 | D:1      | Garessta set off with the following items: a +0 dagger, a
                  | +0 pair of gloves, a potion of heal wounds, a +0 robe, a +2
                  | buckler; and the following spell memorised: Freeze; and the
                  | following spells available to memorise: Ozocubu's Armour.
     0 | D:1      | Reached XP level 1. HP: 17/17 MP: 8/8
   275 | D:1      | Found a faded altar of an unknown god.
   286 | D:1      | Reached XP level 2. HP: 20/23 MP: 10/10
   686 | D:1      | Reached XP level 3. HP: 28/28 MP: 11/11
   895 | D:2      | Reached skill level 1 in Invocations
  1085 | D:2      | Noticed Terence
  1091 | D:2      | Killed Terence
  1092 | D:2      | Reached skill level 1 in Short Blades
  1092 | D:2      | Reached skill level 1 in Long Blades
  1092 | D:2      | Reached skill level 1 in Axes
  1092 | D:2      | Reached skill level 1 in Maces & Flails
  1092 | D:2      | Reached skill level 1 in Polearms
  1092 | D:2      | Reached skill level 1 in Staves
  1092 | D:2      | Reached skill level 1 in Ranged Weapons
  1092 | D:2      | Reached skill level 1 in Throwing
  1092 | D:2      | Reached skill level 1 in Armour
  1092 | D:2      | Reached skill level 1 in Stealth
  1092 | D:2      | Reached skill level 1 in Unarmed Combat
  1092 | D:2      | Reached skill level 1 in Evocations
  1092 | D:2      | Reached XP level 4. HP: 34/34 MP: 13/13
  1187 | D:2      | Reached skill level 1 in Conjurations
  1187 | D:2      | Reached skill level 1 in Hexes
  1187 | D:2      | Reached skill level 1 in Summonings
  1187 | D:2      | Reached skill level 1 in Necromancy
  1187 | D:2      | Reached skill level 1 in Translocations
  1187 | D:2      | Reached skill level 1 in Transmutations
  1187 | D:2      | Reached skill level 1 in Fire Magic
  1187 | D:2      | Reached skill level 1 in Ice Magic
  1187 | D:2      | Reached skill level 1 in Air Magic
  1187 | D:2      | Reached skill level 1 in Earth Magic
  1187 | D:2      | Reached skill level 1 in Poison Magic
  1594 | D:2      | Noticed Sigmund
  2312 | D:3      | Reached XP level 5. HP: 40/40 MP: 14/14
  2491 | D:3      | Noticed Robin
  2508 | D:3      | Killed Robin
  2953 | D:3      | Reached XP level 6. HP: 36/47 MP: 16/16
  3620 | D:4      | Reached skill level 5 in Shields
  3849 | D:4      | Noticed Ijyb
  3862 | D:4      | Killed Ijyb
  3923 | D:4      | Noticed an ice beast
  3929 | D:4      | Killed an ice beast
  4223 | D:4      | Reached XP level 7. HP: 29/52 MP: 18/18
  5124 | D:3      | Learned a level 2 spell: Call Imp
  5825 | D:3      | Killed Sigmund
  5826 | D:3      | Reached skill level 9 in Dodging
  5898 | D:5      | Entered Level 5 of the Dungeon
  6273 | D:5      | Reached XP level 8. HP: 46/60 MP: 19/19
  6367 | D:5      | Learned a level 3 spell: Summon Guardian Golem
  7484 | D:6      | Found Ropp's Assorted Antiques.
  7529 | D:6      | Noticed Maggie
  7529 | D:6      | Found Lixe's Antique Weapon Shoppe.
  7563 | D:6      | Killed Maggie
  7824 | D:6      | Reached XP level 9. HP: 38/66 MP: 19/21
  7978 | D:6      | Bought a scroll labelled PIXYOD VECH for 24 gold pieces
  8004 | D:6      | Found a staircase to the Ecumenical Temple.
  8014 | Temple   | Entered the Ecumenical Temple
  8192 | Temple   | Became a worshipper of Ashenzari the Shackled
  8218 | D:6      | Found Foalyhou's Antique Weapon Emporium.
  8604 | D:6      | Found Locemic's Armour Boutique.
  8611 | D:6      | Reached skill level 5 in Fighting
  8815 | D:6      | Found a hazy altar of Hepliaklqana.
  8816 | D:6      | Found a shimmering altar of Xom.
  8817 | D:6      | Noticed a spectral ugly thing
  8826 | D:6      | Noticed Grinder
  8828 | D:6      | Paralysed by Grinder for 3 turns
  9434 | D:7      | Identified the +5 war axe of Plunder {antimagic, rC+++
                  | Str-4 Dex+8}
  9501 | D:7      | Noticed Duvessa
  9524 | D:7      | Noticed Dowan
  9565 | D:7      | Killed Duvessa
  9567 | D:7      | Killed Dowan
  9612 | D:7      | Reached skill level 5 in Invocations
  9800 | D:7      | Noticed a gargoyle
  9814 | D:7      | Killed a gargoyle
 10248 | D:7      | Reached * piety under Ashenzari
 10450 | D:7      | Reached skill level 5 in Short Blades
 10450 | D:7      | Reached skill level 5 in Long Blades
 10450 | D:7      | Reached skill level 5 in Axes
 10450 | D:7      | Reached skill level 5 in Maces & Flails
 10450 | D:7      | Reached skill level 5 in Polearms
 10450 | D:7      | Reached skill level 5 in Staves
 10450 | D:7      | Reached skill level 5 in Ranged Weapons
 10450 | D:7      | Reached skill level 5 in Throwing
 10450 | D:7      | Reached skill level 5 in Armour
 10450 | D:7      | Reached skill level 5 in Stealth
 10450 | D:7      | Reached skill level 5 in Unarmed Combat
 10450 | D:7      | Reached skill level 5 in Evocations
 10450 | D:7      | Reached XP level 10. HP: 72/77 MP: 20/23
 10709 | D:6      | Found Ropp's Assorted Antiques.
 10736 | D:6      | Killed Grinder
 10737 | D:6      | Reached skill level 10 in Dodging
 11143 | D:8      | Found a sand-covered staircase.
 11210 | Ossuary  | Entered an ossuary
 12093 | D:8      | Noticed a manticore
 12112 | D:8      | Killed a manticore
 12172 | D:8      | Learned a level 3 spell: Mephitic Cloud
 12781 | D:9      | Learned a level 2 spell: Wereblood
 12924 | D:9      | Reached ** piety under Ashenzari
 13370 | D:10     | Entered Level 10 of the Dungeon
 13386 | D:10     | Noticed a death yak
 13387 | D:10     | Found a staircase to the Lair.
 13388 | D:10     | Noticed a death yak
 13388 | D:10     | Noticed a death yak
 13439 | D:9      | Killed a death yak
 13440 | D:9      | Reached skill level 5 in Conjurations
 13440 | D:9      | Reached skill level 5 in Hexes
 13440 | D:9      | Reached skill level 5 in Summonings
 13440 | D:9      | Reached skill level 5 in Necromancy
 13440 | D:9      | Reached skill level 5 in Translocations
 13440 | D:9      | Reached skill level 5 in Transmutations
 13440 | D:9      | Reached skill level 5 in Fire Magic
 13440 | D:9      | Reached skill level 5 in Ice Magic
 13440 | D:9      | Reached skill level 5 in Air Magic
 13440 | D:9      | Reached skill level 5 in Earth Magic
 13440 | D:9      | Reached skill level 5 in Poison Magic
 13440 | D:9      | Reached XP level 11. HP: 63/87 MP: 8/26
 13700 | D:10     | Paralysed by a hornet for 3 turns
 14109 | D:10     | Noticed a two-headed ogre
 14134 | D:10     | Killed a two-headed ogre
 14371 | D:10     | Noticed a two-headed ogre
 14397 | D:10     | Killed a two-headed ogre
 14558 | D:10     | Learned a level 4 spell: Summon Ice Beast
 14686 | D:10     | Found a portal to a secret trove of treasure.
 14845 | D:11     | Noticed Harold
 14906 | D:10     | Killed a death yak
 14909 | D:10     | Killed a death yak
 15093 | Lair:1   | Entered Level 1 of the Lair of Beasts
 15180 | Lair:1   | Reached *** piety under Ashenzari
 15265 | Lair:1   | Found a dark tunnel.
 15270 | Volcano  | Entered a volcano
 15300 | Volcano  | Noticed a salamander
 15300 | Volcano  | Noticed a cyclops
 15328 | Volcano  | HP: 4/92 [salamander (14)]
 15345 | Lair:1   | Reached skill level 10 in Spellcasting
 15364 | Lair:1   | Killed a salamander
 15365 | Lair:1   | Reached skill level 11 in Dodging
 15894 | Lair:1   | Reached **** piety under Ashenzari
 16502 | Lair:2   | Found a staircase to the Snake Pit.
 16517 | Lair:2   | Learned a level 4 spell: Summon Lightning Spire
 16630 | Lair:2   | Reached XP level 12. HP: 62/100 MP: 30/30
 17622 | Lair:3   | Reached ***** piety under Ashenzari
 17784 | Lair:3   | Noticed Nergalle
 17802 | Lair:3   | Killed Nergalle
 18561 | Lair:4   | Found a staircase to the Swamp.
 18846 | Lair:3   | Reached XP level 13. HP: 91/111 MP: 31/32
 20941 | Lair:5   | Reached skill level 12 in Dodging
 21144 | Lair:5   | Identified the +0 robe "Viklank" {Harm *Slow SInv Archmagi}
 21268 | Lair:5   | Learned a level 5 spell: Summon Mana Viper
 21274 | Lair:5   | Learned a level 5 spell: Summon Forest
 21281 | Lair:5   | Learned a level 6 spell: Summon Cactus Giant
 21328 | Lair:6   | Entered Level 6 of the Lair of Beasts
 21798 | Lair:6   | Reached skill level 10 in Shields
 22917 | Lair:6   | Reached XP level 14. HP: 92/121 MP: 23/35
 22977 | Lair:6   | Reached skill level 10 in Invocations
 23251 | Lair:6   | Found a staircase to the Slime Pits.
 23252 | Lair:6   | Found a viscous altar of Jiyva.
 24257 | D:11     | Killed Harold
 25004 | D:11     | Reached skill level 10 in Fighting
 25772 | D:12     | Noticed Lodul
 25790 | D:12     | Killed Lodul
 26001 | D:12     | Noticed Urug
 26004 | D:12     | Killed Urug
 26449 | D:12     | Found a staircase to the Orcish Mines.
 26614 | Orc:1    | Entered Level 1 of the Orcish Mines
 26624 | Orc:1    | Noticed Blork the orc
 26631 | Orc:1    | Killed Blork the orc
 26834 | Orc:1    | Reached skill level 10 in Short Blades
 26834 | Orc:1    | Reached skill level 10 in Long Blades
 26834 | Orc:1    | Reached skill level 10 in Axes
 26834 | Orc:1    | Reached skill level 10 in Maces & Flails
 26834 | Orc:1    | Reached skill level 10 in Polearms
 26834 | Orc:1    | Reached skill level 10 in Staves
 26834 | Orc:1    | Reached skill level 10 in Ranged Weapons
 26834 | Orc:1    | Reached skill level 10 in Throwing
 26834 | Orc:1    | Reached skill level 10 in Armour
 26834 | Orc:1    | Reached skill level 10 in Stealth
 26834 | Orc:1    | Reached skill level 10 in Unarmed Combat
 26834 | Orc:1    | Reached skill level 10 in Evocations
 27067 | Orc:1    | Noticed Fannar
 27078 | Orc:1    | Killed Fannar
 27079 | Orc:1    | Reached skill level 13 in Dodging
 27662 | Orc:2    | Entered Level 2 of the Orcish Mines
 27668 | Orc:2    | Found a staircase to the Elven Halls.
 27679 | Orc:2    | Reached XP level 15. HP: 129/130 MP: 20/36
 28296 | Orc:2    | Found Sioffuli's General Store.
 28332 | Orc:2    | Found Mom Ikan's General Store.
 29159 | Orc:2    | Found Muate's Antique Armour Boutique.
 29774 | Orc:2    | Found a one-way gate leading to the halls of Pandemonium.
 30030 | Orc:2    | Found Raibac's Jewellery Shop.
 30060 | Orc:2    | Bought a cloak for 148 gold pieces
 30293 | Swamp:1  | Entered Level 1 of the Swamp
 30293 | Swamp:1  | Noticed Mlioglotl
 30314 | Lair:4   | Killed Mlioglotl
 31380 | Swamp:2  | Found a frozen archway.
 31619 | IceCv    | Entered an ice cave
 31621 | IceCv    | Reached ****** piety under Ashenzari
 31834 | IceCv    | Reached XP level 16. HP: 81/137 MP: 24/37
 32841 | IceCv    | Learned a level 7 spell: Malign Gateway
 33617 | Swamp:2  | Noticed a thorn hunter
 33627 | Swamp:2  | Killed a thorn hunter
 33960 | Swamp:2  | Identified a scroll of acquirement
 33970 | Swamp:2  | Acquired the ring "Tuton" {rElec rPois Will+ MP-9 Stlth+}
 34703 | Swamp:3  | Reached skill level 14 in Dodging
 34927 | Swamp:3  | Found a runed translucent door.
 34928 | Swamp:3  | Noticed Zero's ghost (adept OgIE)
 34928 | Swamp:3  | Identified the ring "Les Idun" {rPois rC- Will+ Str+10
                  | Stlth-}
 35257 | Swamp:3  | Killed Zero's ghost
 35419 | Swamp:4  | Entered Level 4 of the Swamp
 35681 | Swamp:4  | Noticed a fenstrider witch
 35685 | Swamp:4  | Killed a fenstrider witch
 35874 | Swamp:4  | Noticed a thorn hunter
 36074 | Swamp:4  | Killed a thorn hunter
 36108 | Swamp:4  | Reached XP level 17. HP: 130/148 MP: 1/40
 36373 | Swamp:4  | Reached skill level 10 in Conjurations
 36373 | Swamp:4  | Reached skill level 10 in Hexes
 36373 | Swamp:4  | Reached skill level 10 in Summonings
 36373 | Swamp:4  | Reached skill level 10 in Necromancy
 36373 | Swamp:4  | Reached skill level 10 in Translocations
 36373 | Swamp:4  | Reached skill level 10 in Transmutations
 36373 | Swamp:4  | Reached skill level 10 in Fire Magic
 36373 | Swamp:4  | Reached skill level 10 in Ice Magic
 36373 | Swamp:4  | Reached skill level 10 in Air Magic
 36373 | Swamp:4  | Reached skill level 10 in Earth Magic
 36373 | Swamp:4  | Reached skill level 10 in Poison Magic
 36684 | Swamp:4  | Got a decaying rune of Zot
 36738 | Swamp:4  | Noticed Kirke
 36749 | Swamp:4  | Killed Kirke
 37631 | D:6      | Bought an embroidered robe for 88 gold pieces
 37837 | Snake:1  | Entered Level 1 of the Snake Pit
 37862 | Snake:1  | Found a radiant altar of Vehumet.
 37916 | Snake:1  | Found Xusocoz's Book Shoppe.
 38071 | Snake:1  | Bought a book of Maledictions for 416 gold pieces
 38076 | Snake:1  | Learned a level 4 spell: Anguish
 38675 | Snake:1  | Identified Ulyf's Almanac of Conflagration and Concussion
 39416 | Snake:2  | Noticed Aizul
 39423 | Snake:2  | Killed Aizul
 39683 | Snake:3  | Learned a level 7 spell: Enfeeble
 40382 | Snake:3  | Reached XP level 18. HP: 146/157 MP: 32/41
 41232 | Snake:4  | Entered Level 4 of the Snake Pit
 41263 | Snake:4  | Reached skill level 15 in Dodging
 42453 | Snake:3  | Learned a level 2 spell: Passwall
 43540 | Snake:4  | Got a serpentine rune of Zot
 43962 | Elf:1    | Entered Level 1 of the Elven Halls
 44197 | Elf:1    | Identified the +3 long sword of Wrongful Imprisonment
                  | {drain, rC++ Str+6 Int-5}
 44436 | Elf:1    | Reached XP level 19. HP: 145/165 MP: 23/43
 44626 | Elf:1    | Paralysed by an air elemental for 1 turns
 44633 | Elf:1    | Noticed a Hell Sentinel
 44777 | Elf:1    | Identified the +2 short sword "Transmigrator" {vorpal,
                  | Drain Str+9}
 44779 | Elf:1    | Identified the +5 hand axe "Bokhla Yrel" {freeze, Str+4}
 45164 | Elf:1    | Reached skill level 15 in Spellcasting
 45198 | Elf:1    | Identified the +2 chain mail of the Mango {rElec Will+
                  | Str+2 Stlth-}
 45563 | Elf:2    | Found Pecofaik's Armour Boutique.
 45585 | Elf:2    | Identified Roxanne's Atlas of the Mountains
 45585 | Elf:2    | Noticed Roxanne
 45658 | Elf:2    | Found Ifitrooc's Distillery.
 45797 | Elf:2    | Bought a potion of heal wounds for 80 gold pieces
 45797 | Elf:2    | Bought a potion of brilliance for 64 gold pieces
 45797 | Elf:2    | Bought a potion of heal wounds for 80 gold pieces
 45823 | Elf:2    | Found Xipt's Jewellery Shop.
 45835 | Elf:2    | Noticed Saint Roka
 45847 | Elf:2    | Killed Saint Roka
 46009 | Elf:2    | Bought an amulet of regeneration for 420 gold pieces
 46033 | Elf:2    | Found Wusteo's Assorted Antiques.
 46125 | Elf:2    | Bought a scroll labelled SOCSOL WISUJI for 40 gold pieces
 46125 | Elf:2    | Bought a ring of the Octopus King for 200 gold pieces
 46125 | Elf:2    | Found the ring of the Octopus King {HP+2 MP+9 AC+2 EV+2
                  | SH+2}
 46125 | Elf:2    | Found the ring of the Octopus King {HP+2 MP+9 AC+2 EV+2
                  | SH+2}
 46392 | Elf:2    | Found Baulino's Magic Scroll Shop.
 46397 | Elf:2    | Bought a scroll of teleportation for 42 gold pieces
 46397 | Elf:2    | Bought 3 scrolls of blinking for 315 gold pieces
 46471 | Elf:2    | Found a runed translucent gate.
 46471 | Elf:2    | Found a runed translucent gate.
 46472 | Elf:2    | Found a runed translucent gate.
 47423 | Elf:2    | Killed Roxanne
 47528 | Elf:3    | Entered Level 3 of the Elven Halls
 47843 | Elf:3    | Reached skill level 15 in Invocations
 47897 | Elf:3    | Reached skill level 16 in Dodging
 48143 | Elf:3    | Found Teacibi's General Store.
 48153 | Elf:3    | Bought a scroll of teleportation for 39 gold pieces
 48153 | Elf:3    | Bought 2 potions of heal wounds for 130 gold pieces
 48169 | Elf:3    | Noticed a Brimstone Fiend
 48379 | Elf:3    | Noticed an Ice Fiend
 48532 | Elf:3    | Noticed a Hell Sentinel
 48536 | Elf:3    | Reached XP level 20. HP: 85/180 MP: 12/46
 48540 | Elf:3    | Mangled by an Ice Fiend

Illustrated notes

Levels and vault maps discovered:
D:1:      dpeg_arrival_concentric_ovals, layout_basic,
          chequers_ecumenical_altar_simple
D:2:      layout_loops_ring, uniq_terence, uniq_sigmund
D:3:      layout_loops_corners, palyth_stone_intersect,
          kennysheep_generic_room_15, uniq_robin
D:4:      wad_lake_hut, layout_basic, hex_large, reono_crystal_passage,
          uniq_ijyb
D:5:      layout_rooms, minmay_misc_feat_square
D:6:      layout_basic, regret_index_temple_of_mockery, temple_pool_b,
          serial_shops, nicolae_stop_n_shop_1, nicolae_shop_overgrown_old_shop,
          nicolae_shop_trees, nicolae_stop_n_shop_1, uniq_grinder, uniq_maggie
D:7:      hangedman_cross_stitches, layout_basic, skrybe_limestone_x, hex_tiny,
          uniq_duvessa
D:8:      layout_loops_corners, enter_ossuary_2, kennysheep_dice
D:9:      layout_roguey
D:10:     layout_basic, dpeg_lair_monsters, nicolae_trove_entry_columns
D:11:     layout_stronghold, minmay_crystal_water, hellmonk_bongcloud_opening,
          uniq_harold
D:12:     layout_roguey, kennysheep_orc_monster_closet_entryway, uniq_lodul,
          uniq_urug
Temple:   nicolae_temple_slightly_damp_pantheon
Lair:1:   layout_cave_pods, nicolae_volcano_entry_s_turn, serial_bayou_shore_a,
          grunt_megastairs_4
Lair:2:   layout_roguey, guppyfry_snake_entry_island
Lair:3:   layout_misc_corridors, chequers_serial_rivers_micro_e,
          serial_bayou_pond_b, grunt_megastairs_2, uniq_nergalle
Lair:4:   layout_concentric_octagons, minmay_swamp_entry_swarm, special_room
          [special_room_bee]
Lair:5:   layout_small_grid, roderic_carrion_pond, lemuel_fruit_fields
Lair:6:   minmay_lair_end_frog_pond, layout_cave_pods, slime_entry_1,
          lemuel_fruit_tree
Swamp:1:  layout_basic_swamp, nicolae_swamp_very_dense_foliage,
          hangedman_swamp_cone, swamp_pool1, uniq_mlioglotl
Swamp:2:  layout_falls_marsh, portal_ice_cave_entry_ice_statue_two,
          nicolae_swamp_some_circles, swamp_pool3
Swamp:3:  layout_basic_swamp, gammafunk_ghost_grave,
          evilmike_swamp_ruin_house_3, swamp_pool5
Swamp:4:  swamp_alternative, layout_basic_swamp, infiniplex_staircase_pool,
          uniq_kirke
Snake:1:  layout_misc_corridors, basic_altar, serial_shops, shop,
          serial_bayou_shore_b
Snake:2:  layout_onion, hangedman_snake_corridor_cut, uniq_aizul
Snake:3:  layout_layer_cave, nicolae_snake_gridmaze_tees, serial_bayou_shore_b
Snake:4:  snake_pit, layout_chambers, grunt_megastairs_1
Orc:1:    cheibrodos_orc_guarddog, layout_caves, sword_in_stone, uniq_fannar
Orc:2:    pf_orc_diabolical, layout_caves, basic_altar
Elf:1:    minmay_the_grid_triangle_9x9_rhombus_thin_mashed
          [minmay_the_grid_triangle_9x9_steps,
          minmay_the_grid_triangle_9x9_prize_insulated,
          minmay_the_grid_triangle_9x9_intruding_spiral,
          minmay_the_grid_triangle_9x9_dagger], layout_geoelf_octagon,
          kennysheep_underground_church, serial_sigils_hangedman_clutch,
          lemuel_flamethrower_3
Elf:2:    nicolae_elf_blades_splatter_lattice [infiniplex_blade_entry_pillars],
          layout_geoelf_grid, serial_shops, shop, nicolae_stop_n_shop_1,
          nicolae_shop_trees, nicolae_stop_n_shop_1, nicolae_lakefront_shop,
          uniq_roxanne, uniq_saint_roka
Elf:3:    elf_hall, layout_geoelf_diagonals, serial_shops, shop

Skill      XL: |  1  2  3  4  5  6  7  8  9 10 11 12 13 14 15 16 17 18 19 |
---------------+----------------------------------------------------------+-----
Invocations    | 1 2 3 4 5 6 7 8 9 10 11 12 13 14 15 | 15.1
Short Blades   | 1 2 3 5 6 7 8 9 10 11 12 13 | 13.9
Long Blades    | 1 2 3 5 6 7 8 9 10 11 12 13 | 13.9
Axes           | 1 2 3 5 6 7 8 9 10 11 12 13 | 13.9
Maces & Flails | 1 2 3 5 6 7 8 9 10 11 12 13 | 13.9
Polearms       | 1 2 3 5 6 7 8 9 10 11 12 13 | 13.9
Staves         | 1 2 3 5 6 7 8 9 10 11 12 13 | 13.9
Ranged Weapons | 1 2 3 5 6 7 8 9 10 11 12 13 | 13.9
Throwing       | 1 2 3 5 6 7 8 9 10 11 12 13 | 13.9
Armour         | 1 2 3 5 6 7 8 9 10 11 12 13 | 13.9
Stealth        | 1 2 3 5 6 7 8 9 10 11 12 13 | 13.9
Unarmed Combat | 1 2 3 5 6 7 8 9 10 11 12 13 | 13.9
Evocations     | 1 2 3 5 6 7 8 9 10 11 12 13 | 13.9
Conjurations   | 1 2 3 4 5 6 7 8 9 10 11 | 11.8
Hexes          | 1 2 3 4 5 6 7 8 9 10 11 | 11.8
Summonings     | 1 2 3 4 5 6 7 8 9 10 11 | 11.8
Necromancy     | 1 2 3 4 5 6 7 8 9 10 11 | 11.8
Translocations | 1 2 3 4 5 6 7 8 9 10 11 | 11.8
Transmutations | 1 2 3 4 5 6 7 8 9 10 11 | 11.8
Fire Magic     | 1 2 3 4 5 6 7 8 9 10 11 | 11.8
Ice Magic      | 1 2 3 4 5 6 7 8 9 10 11 | 11.8
Air Magic      | 1 2 3 4 5 6 7 8 9 10 11 | 11.8
Earth Magic    | 1 2 3 4 5 6 7 8 9 10 11 | 11.8
Poison Magic   | 1 2 3 4 5 6 7 8 9 10 11 | 11.8
Fighting       | 3 4 5 6 7 8 9 10 11 12 13 14 | 14.1
Shields        | 5 6 7 8 9 10 11 12 13 14 | 14.6
Dodging        | 9 10 11 12 13 14 15 16 | 16.0
Spellcasting   | 8 9 10 11 12 13 14 15 | 15.4

Action                   |  1- 3 |  4- 6 |  7- 9 | 10-12 | 13-15 | 16-18 | 19-21 || total
-------------------------+-------+-------+-------+-------+-------+-------+-------++-------
Melee: Dagger            |    96 |   191 |   308 |   145 |     5 |       |       ||   745
       Bite              |    11 |    27 |    40 |    57 |    71 |   144 |    46 ||   396
       Scimitar          |       |       |       |   258 |   509 |    22 |       ||   789
       Short sword       |       |       |       |    11 |       |       |       ||    11
       Rapier            |       |       |       |       |       |   739 |   312 ||  1051
 Fire: Shortbow          |       |       |     6 |       |       |       |       ||     6
Throw: Stone             |       |       |    45 |       |       |       |       ||    45
       Dart              |       |       |     9 |     8 |       |       |     4 ||    21
       Boomerang         |       |       |       |    10 |       |       |       ||    10
 Cast: Call Imp          |       |       |    37 |    35 |       |       |       ||    72
       Summon Guardian G |       |       |     9 |    63 |    66 |    23 |       ||   161
       Mephitic Cloud    |       |       |       |     8 |       |       |     1 ||     9
       Wereblood         |       |       |       |     2 |       |       |       ||     2
       Summon Ice Beast  |       |       |       |    34 |    79 |    23 |       ||   136
       Summon Lightning  |       |       |       |    12 |    45 |    25 |    11 ||    93
       Summon Cactus Gia |       |       |       |       |    90 |    74 |    30 ||   194
       Summon Forest     |       |       |       |       |    27 |    31 |    11 ||    69
       Summon Mana Viper |       |       |       |       |     2 |    17 |    18 ||    37
       Malign Gateway    |       |       |       |       |       |    17 |     7 ||    24
       Anguish           |       |       |       |       |       |    10 |     4 ||    14
       Enfeeble          |       |       |       |       |       |     1 |     4 ||     5
       Passwall          |       |       |       |       |       |       |     2 ||     2
Invok: Curse Item        |       |       |     2 |     6 |     3 |     4 |     2 ||    17
       Shatter the Chain |       |       |       |       |     2 |     4 |     1 ||     7
Evoke: Wand              |       |     5 |     4 |     4 |     3 |       |     3 ||    19
       Phial of floods   |       |       |       |       |       |       |     1 ||     1
  Use: Potion            |       |     1 |       |     5 |       |       |     1 ||     7
       Scroll            |       |       |       |     2 |     1 |     6 |       ||     9
 Stab: Sleeping          |     4 |     4 |     3 |    10 |    17 |    43 |    23 ||   104
       Distracted        |       |     1 |     1 |    11 |    11 |    28 |     3 ||    55
       Invisible         |       |     1 |     2 |     1 |       |       |       ||     4
       Confused          |       |       |       |     1 |       |       |       ||     1
       Petrified         |       |       |       |       |     5 |       |       ||     5
Armor: Robe              |    10 |    14 |    12 |       |       |       |       ||    36
       Steam dragon scal |       |       |    19 |    52 |    47 |    55 |       ||   173
       Leather armour    |       |       |       |       |       |    49 |    27 ||    76
Dodge: Dodged            |    47 |    88 |   141 |   322 |   429 |   542 |   133 ||  1702
Block: Buckler           |    35 |    42 |    86 |   231 |   301 |   360 |       ||  1055
       Kite shield       |       |       |       |       |       |    19 |   153 ||   172

Table legend: (Time is in decaauts)
 A = Elapsed time spent in this place.
 B = Non-inter-level travel time spent in this place.
 C = Inter-level travel time spent in this place.
 D = Time resting spent in this place.
 E = Time spent auto-exploring this place.
 F = Levels seen in this place.
 G = Mean time per level.
                   A        B        C        D        E       F      G
               +--------+--------+--------+--------+--------+-----+--------+
         Total |  47945 |  45171 |   2774 |   9337 |  26466 |  35 | 1369.9 |
       Dungeon |  17399 |  15847 |   1552 |   2228 |  10311 |  12 | 1449.9 |
        Temple |    188 |    165 |     23 |      0 |    143 |   1 |  188.0 |
          Lair |   9420 |   8839 |    581 |   2298 |   5048 |   6 | 1570.0 |
         Swamp |   5397 |   5216 |    181 |   1478 |   2690 |   4 | 1349.2 |
     Snake Pit |   5787 |   5657 |    130 |    792 |   3672 |   4 | 1446.8 |
  Orcish Mines |   3501 |   3400 |    101 |   1307 |   1509 |   2 | 1750.5 |
   Elven Halls |   4427 |   4222 |    205 |    634 |   2519 |   3 | 1475.7 |
       Ossuary |    283 |    283 |      0 |     36 |    114 |   1 |  283.0 |
      Ice Cave |   1475 |   1475 |      0 |    561 |    460 |   1 | 1475.0 |
       Volcano |     63 |     63 |      0 |      3 |      0 |   1 |   63.0 |
               +--------+--------+--------+--------+--------+-----+--------+

Top non-repeatable levels by time:
  Lair:6: 2485 daAuts
 Snake:4: 2349 daAuts
   Orc:2: 2195 daAuts
     D:4: 2135 daAuts
   Elf:2: 1920 daAuts
     D:3: 1910 daAuts
     D:6: 1753 daAuts
 Swamp:2: 1731 daAuts
  Lair:4: 1656 daAuts
    D:10: 1639 daAuts
  Lair:3: 1608 daAuts
   Elf:1: 1565 daAuts
   IceCv: 1475 daAuts
  Lair:1: 1459 daAuts
 Snake:3: 1450 daAuts
